 Dungeon Crawl Stone Soup version 0.21-a0-82-gdb84782 (webtiles) character file.

2664 Rrauwl the Quickloader (level 9, -6/74 HPs)
             Began as a Gnoll Arcane Marksman on June 24, 2017.
             Killed from afar by an electric eel (13 damage)
             ... with a bolt of electricity
             ... on level 7 of the Dungeon.
             The game lasted 00:21:14 (5110 turns).

Rrauwl the Quickloader (Gnoll Arcane Marksman)      Turns: 5110, Time: 00:21:16

Health: -6/74      AC:  7    Str: 10    XL:     9   Next: 63%
Magic:  19/19      EV: 15    Int: 15    God:
Gold:   339        SH:  0    Dex: 15    Spells: 14/22 levels left

rFire    . . .     SeeInvis .   a - +5 mace
rCold    + . .     Gourm    .   (no shield)
rNeg     . . .     Faith    .   q - +0 ring mail {rC+}
rPois    .         Spirit   .   m - +0 helmet
rElec    .         Reflect  .   (no cloak)
rCorr    .         Harm     +   g - +0 pair of gloves
MR       .....     Clarity  +   (no boots)
Stlth    +.........             j - amulet of harm
HPRegen  0.22/turn              h - +1 ring of evasion
MPRegen  0.16/turn              u - +2 ring of slaying

@: very slow
A: short attention span, fangs 1, clarity, wild magic 1, strong nose
a: no special abilities


You were on level 7 of the Dungeon.
You were not hungry.

You visited 1 branch of the dungeon, and saw 7 of its levels.

You collected 339 gold pieces.

Inventory:

Hand Weapons
 a - a +5 mace (weapon)
 c - a +1 hand crossbow
Missiles
 d - 52 bolts
Armour
 g - a +0 pair of gloves (worn)
 m - a +0 helmet (worn)
 q - a +0 ring mail of cold resistance (worn)
Magical Staves
 n - an uncursed staff of energy
Jewellery
 b - an uncursed amulet of magic regeneration
 h - a +1 ring of evasion (left hand)
 j - an amulet of harm (around neck)
 u - a +2 ring of slaying (right hand)
Wands
 e - a wand of paralysis (14/24)
 p - a wand of confusion (22/48)
 s - a wand of random effects (17/48)
Scrolls
 k - 4 scrolls of identify
 l - a scroll of enchant armour
Books
 o - a book of Debilitation

   Spells                             Type                      Level
   a - Corona                         Hexes                        1
   b - Slow                           Hexes                        2
   c - Inner Flame                    Hexes/Fire                   3
   d - Portal Projectile              Hexes/Translocation          3
   e - Cause Fear                     Hexes                        4
   f - Leda's Liquefaction            Hexes/Earth                  4
 r - a book of Minor Magic

   Spells                             Type                      Level
   a - Magic Dart                     Conjuration                  1
   b - Blink                          Translocation                2
   c - Call Imp                       Summoning                    2
   d - Slow                           Hexes                        2
   e - Conjure Flame                  Conjuration/Fire             3
   f - Mephitic Cloud                 Conjuration/Poison/Air       3
 t - a book of Maledictions

   Spells                             Type                      Level
   a - Corona                         Hexes                        1
   b - Ensorcelled Hibernation        Hexes/Ice                    2
   c - Confuse                        Hexes                        3
   d - Tukima's Dance                 Hexes                        3
   e - Dazzling Spray                 Conjuration/Hexes            3
Comestibles
 f - 4 bread rations
 i - 4 meat rations


   Skills:
 - Level 8.0 Fighting
 - Level 8.0 Maces & Flails
 - Level 8.1 Crossbows
 + Level 0.9 Armour
 - Level 8.0 Dodging
 + Level 7.1 Spellcasting
 + Level 0.9 Conjurations
 + Level 5.3 Hexes
 + Level 1.4 Translocations
 + Level 0.9 Fire Magic
 + Level 0.9 Air Magic
 + Level 1.9 Poison Magic
 + Level 0.4 Evocations


You had 14 spell levels left.
You knew the following spells:

 Your Spells              Type           Power        Failure   Level  Hunger
a - Mephitic Cloud        Conj/Pois/Air  ##......     61%         3    ##.....
b - Inner Flame           Hex/Fire       ###.....     34%         3    ##.....
c - Blink                 Tloc           N/A          34%         2    None


Dungeon Overview and Level Annotations

Branches:
Dungeon (7/15)             Temple (0/1) D:7

Altars:
Ashenzari
Elyvilon
Fedhas
Trog

Shops:
D:5 }


Innate Abilities, Weirdness & Mutations

You have a short attention span.
You have very sharp teeth.
Your uncanny sense of smell can sniff out nearby items.
You possess an exceptional clarity of mind.
Your spells are a little harder to cast, but a little more powerful.


Message History

You hit the centaur.
The centaur is heavily wounded.
The centaur closely misses you. The centaur barely misses you.
You sock the centaur!
You kill the centaur!
Things that are here:
an uncursed shortbow; 11 arrows You start resting.
You hear the hiss of a very distant avalanche of sand.
An electric eel comes into view.
The electric eel shoots out a bolt of lightning at you!
The bolt of electricity hits the plant.
The bolt of electricity misses you.
You enter the shallow water.
Moving in this stuff is going to be slow.
The electric eel shoots out a bolt of lightning at you!
The bolt of electricity hits the plant.
The bolt of electricity hits you!
* * * LOW HITPOINT WARNING * * *
The electric eel shoots out a bolt of lightning at you!
The bolt of electricity hits the plant.
The bolt of electricity hits you!
You die...

,,,,,≈*≈≈≈≈≈≈≈≈≈≈≈*♣###.#.####.##
,,,,,≈≈*≈≈≈≈≈≈≈≈≈≈≈≈* #.#.####.##
*****≈*≈≈≈;≈≈≈≈≈≈P***##.#.#......
***≈≈≈≈≈≈≈≈≈≈♣** #....#......
*≈≈P≈≈≈≈≈≈≈≈≈* #....#......
***≈≈P≈≈≈≈≈≈♣♣###....####.##
*≈≈≈≈≈≈≈PP♣≈≈≈.##....# #.##
*******≈P≈≈≈≈≈≈≈♣≈.##....# #(.♣
*,,,,,*≈≈♣≈P≈PP@♣........# ###≈
*,,,,,,♣≈≈≈≈≈PP≈.........# #≈
*,,,,,,.≈≈P≈≈≈♣≈.........# #.
*******,♣≈≈≈PP♣..........# #♣
*,#♣♣≈P♣...........## #
*,*>P≈♣.............######
*,##############....(.....
*,********** ##...#####)
*,**,,,,,,,* #.).# ***,


You could see an electric eel.

Vanquished Creatures
  Prince Ribbit (D:5)
  Purgy (D:4)
  2 orc warriors
  2 phantoms
  2 sky beasts
  3 ogres
  3 centaurs
  3 bullfrogs (D:6)
  A wyvern skeleton (D:7)
  5 wights (D:6)
  6 crimson imps
  A quasit (D:6)
  2 orc priests
  2 hounds (D:4)
  A jelly (D:6)
  2 bullfrog skeletons (D:6)
  6 orc wizards
  3 worker ants
  A hound zombie (D:6)
  A hound skeleton (D:5)
  5 adders
  3 gnolls (D:5)
  2 oozes
  2 adder skeletons
  A worm (D:2)
  4 dart slugs
  4 leopard geckos
  20 orcs
  2 ball pythons
  2 giant cockroaches
  6 goblins
  2 hobgoblins
  3 jackals (D:2)
  6 quokkas
  4 bats
  4 frilled lizards
  A jackal skeleton (D:6)
  8 kobolds
  A leopard gecko skeleton (D:6)
  11 rats
  A bush (D:4)
140 creatures vanquished.

Vanquished Creatures (others)
  A bush (D:4)
1 creature vanquished.

Grand Total: 141 creatures vanquished

Notes
Turn   | Place    | Note
-------+----------+-------------------------------------------
     0 | D:1      | Rrauwl the Gnoll Arcane Marksman began the quest for the Orb.
     0 | D:1      | Reached XP level 1. HP: 16/16 MP: 3/3
    42 | D:1      | Reached XP level 2. HP: 19/22 MP: 5/5
    53 | D:1      | Reached skill level 5 in Hexes
   417 | D:2      | Reached XP level 3. HP: 28/28 MP: 7/7
   426 | D:2      | Gained mutation: Your spells are a little harder to cast, but a little more powerful. [potion of mutation]
   426 | D:2      | Gained mutation: You possess an exceptional clarity of mind. [potion of mutation]
   452 | D:2      | Learned a level 3 spell: Inner Flame
   784 | D:2      | Found a shattered altar of Ashenzari.
   825 | D:2      | Reached XP level 4. HP: 36/36 MP: 8/8
  1119 | D:3      | Noticed a phantom
  1131 | D:3      | Killed a phantom
  1131 | D:3      | Reached skill level 5 in Fighting
  1131 | D:3      | Reached skill level 5 in Crossbows
  1131 | D:3      | Reached XP level 5. HP: 38/44 MP: 9/9
  1839 | D:3      | Found a bloodstained altar of Trog.
  1938 | D:4      | Reached skill level 1 in Maces & Flails
  1979 | D:4      | Reached XP level 6. HP: 49/52 MP: 10/10
  2016 | D:4      | Learned a level 2 spell: Blink
  2109 | D:4      | Found a blossoming altar of Fedhas.
  2291 | D:4      | Noticed Purgy
  2299 | D:4      | Killed Purgy
  2420 | D:4      | Reached XP level 7. HP: 59/59 MP: 9/11
  2796 | D:5      | Entered Level 5 of the Dungeon
  2870 | D:5      | Found Uruw's Gadget Boutique.
  2894 | D:5      | Reached skill level 5 in Maces & Flails
  2921 | D:5      | Noticed Prince Ribbit
  2942 | D:5      | Killed Prince Ribbit
  2942 | D:5      | Reached XP level 8. HP: 21/68 MP: 12/12
  3445 | D:5      | Found a white marble altar of Elyvilon.
  3734 | D:6      | Learned a level 3 spell: Mephitic Cloud
  3742 | D:6      | Reached skill level 5 in Dodging
  4223 | D:6      | Reached XP level 9. HP: 61/74 MP: 13/15
  4395 | D:6      | Reached skill level 5 in Spellcasting
  5047 | D:7      | Reached skill level 1 in Translocations
  5059 | D:7      | Reached skill level 1 in Poison Magic
  5110 | D:7      | Killed from afar by an electric eel

Vault maps used:
D:1:      dpeg_arrival_ratfight
D:2:      nicolae_ashenzari_panopticon, first_bread
D:3:      lightli_temple_of_fire
D:4:      fedhas_bush_and_centaur_altar, uniq_purgy
D:5:      kennysheep_mini_moat, serial_shops, kennysheep_mini,
          grunt_decor_mini_mirrors, uniq_prince_ribbit1
D:7:      nicolae_gozag_cash_rules_everything_around_me, temple_statues,
          serial_bayou, serial_bayou_pond_e, serial_bayou_pond_b,
          serial_bayou_shore_a, serial_bayou_lake_a, serial_bayou_pond_b,
          nicolae_ossuary_entry_giza, roderic_ancient_swastika, the_bakery

Skill      XL: |  1  2  3  4  5  6  7  8  9 |
---------------+----------------------------+-----
Spellcasting   | 2 3 4 7 |  7.1
Fighting       | 2 3 5 6 7 8 |  8.0
Dodging        | 4 6 8 |  8.0
Hexes          | 5 |  5.3
Crossbows      | 4 5 6 7 8 |  8.1
Maces & Flails | 2 4 6 7 8 |  8.0
Translocations | 1 |  1.4
Poison Magic   | 1 |  1.9
Armour         | |  0.9
Conjurations   | |  0.9
Fire Magic     | |  0.9
Air Magic      | |  0.9
Evocations     | |  0.4

Action                   |  1- 3 |  4- 6 |  7- 9 || total
-------------------------+-------+-------+-------++-------
Melee: Whip              |       |       |   225 ||   225
       Bite              |       |       |    46 ||    46
       Mace              |       |       |    22 ||    22
 Fire: Hand crossbow     |    89 |    67 |   214 ||   370
 Cast: Corona            |       |     2 |     3 ||     5
       Blink             |       |       |     1 ||     1
Evoke: Wand              |       |     2 |     2 ||     4
  Use: Potion            |     3 |     2 |     5 ||    10
       Scroll            |       |     3 |     7 ||    10
  Eat: Chunk             |       |     4 |     5 ||     9
       Fruit             |       |       |     5 ||     5
Armor: Robe              |     5 |     5 |    19 ||    29
       Skin              |       |     4 |       ||     4
       Ring mail         |       |       |     4 ||     4
Dodge: Dodged            |    23 |    14 |    72 ||   109
